 Dungeon Crawl Stone Soup version 0.27-a0-1512-g99fd57bada (webtiles) character file.

Game seed: 12855447164507473072

378 Lekart the Slasher (level 6, -7/53 HPs)
             Began as a Draconian Chaos Knight on July 9, 2021.
             Was a Plaything of Xom.
             Mangled by a scorpion (9 damage)
             ... on level 4 of the Dungeon.
             The game lasted 00:04:44 (3873 turns).

Lekart the Slasher (Draconian Chaos Knight)         Turns: 3873, Time: 00:04:44

Health: -7/53      AC:  7    Str: 15      XL:     6   Next: 45%
Magic:  9/9        EV: 12    Int: 12      God:    Xom [*.....]
Gold:   165        SH:  0    Dex:  9 (10) Spells: 9/9 levels left

rFire    . . .     SeeInvis +   k - +4 quarterstaff (chaos)
rCold    . . .     Faith    .   (shield currently unavailable)
rNeg     . . .     Spirit   .   (armour unavailable)
rPois    .         Reflect  .   (helmet restricted)
rElec    .         Harm     .   l - +0 cloak
rCorr    .         Rampage  .   (no gloves)
Will     .....                  (no boots)
Stlth    +.........             (no amulet)
HPRegen  0.17/turn              (no ring)
MPRegen  0.11/turn              (no ring)

@: mighty, lethally poisoned (-7 -> -26)
A: AC +6, unfitting armour, cold-blooded, see invisible, deterioration 1, weak 1
a: Renounce Religion


You were on level 4 of the Dungeon.
You worshipped Xom.
You were a special plaything of Xom.
You visited 1 branch of the dungeon, and saw 4 of its levels.

You collected 165 gold pieces.

Inventory:

Hand Weapons
 a - a +0 falchion of chaos
 k - a +4 quarterstaff of chaos (weapon)
Missiles
 f - 3 boomerangs of dispersal (quivered)
Armour
 l - a +0 cloak (worn)
Jewellery
 c - a ring of see invisible
 g - a +6 ring of dexterity
Scrolls
 b - 3 scrolls of teleportation
 d - 3 scrolls of identify
 h - a scroll of noise {unknown}


   Skills:
 + Level 4.6 Fighting
 + Level 5.2 Long Blades
 + Level 3.2 Dodging
 * Level 2.3 Spellcasting


You had 9 spell levels left.
You didn't know any spells.
Your spell library contained the following spells:

 Spells                   Type           Power      Damage    Failure   Level
 Sandblast                Erth           2%         2d4       26%         1
 Shock                    Conj/Air       4%         1d3       26%         1
 Passwall                 Tmut/Erth      0%         N/A       36%         2
 Gell's Gravitas          Tloc           0%         N/A       61%         3
 Lesser Beckoning         Tloc           0%         N/A       61%         3
 Swiftness                Air            1%         N/A       61%         3
 Teleport Other           Tloc           1%         N/A       61%         3
 Airstrike                Air            0%         N/A       95%         4
 Lee's Rapid Deconstruct  Erth           0%         3d5*      100%        5


Dungeon Overview and Level Annotations

Branches:
Dungeon (4/15)
 Temple: D:4-7

Altars:
Sif Muna
The Shining One

Shops:
D:3 !?!:*


Innate Abilities, Weirdness & Mutations

Your plain brown scales are hard. (AC +6)
You cannot fit into any form of body armour.
You are cold-blooded and may be slowed by cold attacks.
You have supernaturally acute eyesight. (SInv)
Your body sometimes deteriorates upon taking damage.
You are weak. (Str -2)


Message History

You barely miss the scorpion.
The scorpion is lightly wounded.
You feel sick.
The scorpion barely misses you. x2; The scorpion stings you!
You are too injured to fight recklessly!
You are too injured to fight recklessly!
You feel sick. The black bear bites you. The black bear claws you.
* * * LOW HITPOINT WARNING * * *
The black bear barely misses you.
You feel sick. The scorpion stings you.
* * * LOW HITPOINT WARNING * * *
You are lethally poisoned!
The scorpion poisons you!
It was a potion of mutation.
You feel extremely strange.
You no longer feel strong-willed.
You feel clumsy.
You feel yourself wasting away.
You feel weaker.
Your vision sharpens.
Xom roars with laughter!
* * * LOW HITPOINT WARNING * * *
You feel very sick. The scorpion barely misses you. The scorpion stings you.
* * * LOW HITPOINT WARNING * * *
You are more poisoned.
The scorpion poisons you!
It was a potion of heal wounds.
You feel much better.
Your body deteriorates!
You feel clumsy.
You feel extremely sick. The scorpion barely misses you.
The scorpion stings you.
You are more poisoned.
The scorpion poisons you!
You feel very mighty all of a sudden.
* * * LOW HITPOINT WARNING * * *
You feel very sick. The scorpion misses you. The scorpion stings you.
* * * LOW HITPOINT WARNING * * *
You sock the scorpion!
The scorpion is moderately wounded.
* * * LOW HITPOINT WARNING * * *
You feel extremely sick. The scorpion stings you!
You die...
Xom thinks this is hilarious!

##...
###...#
#.....#
#.....
#....#######
#...........
#...h##..###
#.##s# # #
#@# #.# #.#
... ..# #..#
#..# ....


You could see a black bear and a scorpion (berserk).

Vanquished Creatures
  Sigmund (D:2)
  A scorpion (D:3)
  Crazy Yiuf (D:3)
  2 iguanas
  5 adders
  4 dart slugs
  5 orcs (D:3)
  8 endoplasms
  A giant cockroach (D:3)
  5 hobgoblins
  A jackal (D:3)
  5 kobolds
  3 quokkas
  14 ball pythons
  8 bats
  4 goblins (D:1)
  3 rats
  2 spectral hobgoblins (D:1)
73 creatures vanquished.

Notes
Turn   | Place    | Note
-------+----------+-------------------------------------------
     0 | D:1      | Lekart the Draconian Chaos Knight began the quest for the
                  | Orb.
     0 | D:1      | Reached XP level 1. HP: 19/19 MP: 1/1
    93 | D:1      | Found a faded altar of an unknown god.
   278 | D:1      | Reached XP level 2. HP: 23/26 MP: 2/2
   632 | D:1      | XOM: enchant monster (bad)
   901 | D:1      | Reached XP level 3. HP: 24/33 MP: 4/4
  1572 | D:2      | XOM: divination: detect items
  1754 | D:2      | Reached skill level 1 in Spellcasting
  1779 | D:2      | Noticed Sigmund
  1785 | D:2      | XOM: potion effect (curing)
  1789 | D:2      | XOM: summons friendly quasit
  1792 | D:2      | XOM: cast spell 'Shadow Creatures'
  1796 | D:2      | Killed Sigmund
  1797 | D:2      | Reached skill level 4 in Long Blades
  1797 | D:2      | Reached XP level 4. HP: 32/40 MP: 4/6
  1797 | D:2      | Reached XP level 5. HP: 37/46 MP: 4/7
  1864 | D:2      | XOM: give mutations
  1864 | D:2      | Gained mutation: You are strong-willed. (Will+) [Xom's
                  | grace]
  1864 | D:2      | Gained mutation: You are agile. (Dex +2) [Xom's grace]
  2142 | D:3      | XOM: noise
  2162 | D:3      | Found Kilat's Magic Scroll Emporium.
  2354 | D:3      | XOM: 3-stop teleportation journey
  2407 | D:3      | XOM: 6-stop teleportation journey
  2496 | D:3      | Found Kigram's Book Boutique.
  2575 | D:3      | Found a runed translucent door.
  2576 | D:3      | Noticed Crazy Yiuf
  2674 | D:3      | Found Leumi's Distillery.
  2729 | D:3      | Found Qeerchoj's Distillery.
  2730 | D:3      | Found Vyxtaol's Assorted Antiques.
  2886 | D:3      | Found a glowing golden altar of the Shining One.
  3072 | D:3      | XOM: 1-stop teleportation journey
  3154 | D:3      | Reached XP level 6. HP: 41/53 MP: 9/9
  3237 | D:3      | Reached skill level 5 in Long Blades
  3719 | D:3      | Killed Crazy Yiuf
  3825 | D:4      | Found a shimmering blue altar of Sif Muna.
  3863 | D:4      | XOM: 1-stop teleportation journey
  3870 | D:4      | Lost mutation: You are strong-willed. (Will+) [potion of
                  | mutation]
  3870 | D:4      | Lost mutation: You are agile. (Dex +2) [potion of mutation]
  3870 | D:4      | Gained mutation: Your body sometimes deteriorates upon
                  | taking damage. [potion of mutation]
  3870 | D:4      | Gained mutation: You are weak. (Str -2) [potion of
                  | mutation]
  3870 | D:4      | Gained mutation: You have supernaturally acute eyesight.
                  | (SInv) [potion of mutation]
  3873 | D:4      | HP: 2/53 [poisoned by a scorpion]
  3873 | D:4      | Mangled by a scorpion

Illustrated notes

Levels and vault maps discovered:
D:1:      kennysheep_arrival_forest, layout_loops_corners,
          dreamdust_ecumenical_altar_drowned_temple
D:2:      layout_loops_ring, hangedman_decor_diamond_cutter, uniq_sigmund
D:3:      minmay_chambers_of_threes, layout_loops_ring, lemuel_crystal_altar,
          serial_shops, shop, shop, shop_statue, shop, nicolae_shop_stone,
          hex_medium, minmay_misc_feat_room, st_stairs_14,
          kennysheep_generic_room_10, uniq_crazy_yiuf_cottage
D:4:      layout_loops_ring, nicolae_sif_muna_condensation,
          minmay_temple_entry_fiery, uniq_natasha, uniq_pikel, uniq_eustachio

Skill      XL: |  1  2  3  4  5  6 |
---------------+-------------------+-----
Spellcasting   | 1 2 |  2.3
Fighting       | 4 |  4.6
Long Blades    | 4 5 |  5.2
Dodging        | 3 |  3.2

Action                   |  1- 3 |  4- 6 || total
-------------------------+-------+-------++-------
Melee: Falchion          |    87 |    94 ||   181
       Tailslap          |     7 |    15 ||    22
       Quarterstaff      |       |    10 ||    10
  Use: Scroll            |     2 |       ||     2
       Potion            |     1 |     3 ||     4
 Stab: Sleeping          |       |     3 ||     3
       Paralysed         |       |     1 ||     1
Armor: Skin              |    34 |    28 ||    62
Dodge: Dodged            |    55 |    62 ||   117
       Rpst.: Falchion   |    18 |    13 ||    31

Table legend: (Time is in decaauts)
 A = Elapsed time spent in this place.
 B = Non-inter-level travel time spent in this place.
 C = Inter-level travel time spent in this place.
 D = Time resting spent in this place.
 E = Time spent auto-exploring this place.
 F = Levels seen in this place.
 G = Mean time per level.
                   A        B        C        D        E       F      G
               +--------+--------+--------+--------+--------+-----+--------+
         Total |   3898 |   3748 |    150 |    466 |   2821 |   4 |  974.5 |
       Dungeon |   3898 |   3748 |    150 |    466 |   2821 |   4 |  974.5 |
               +--------+--------+--------+--------+--------+-----+--------+

Top non-repeatable levels by time:
     D:3: 1688 daAuts
     D:1: 1319 daAuts
     D:2: 839 daAuts
     D:4: 50 daAuts
